[Event "*** Titled Tuesday Blitz"]
[Site "Chess.com"]
[Date "2020.04.14"]
[Round "4"]
[White "IngOscarArdila"]
[Black "GMaka"]
[Result "0-1"]
[WhiteElo "2100"]
[BlackElo "2260"]
[TimeControl "180+1"]
[EndTime "10:38:39 PDT"]
[Termination "GMaka won by checkmate"]

1. d4 Nf6 2. c4 Nc6 3. Nf3 e6 4.
Bg5 h6 5. Bh4 g5 6. Bg3 Bb4+ 7.
Nbd2 d6 8. e3 Bd7 9. a3 Bxd2+ 10. Nxd2 Qe7 11. Be2 h5 12. h4 g4 13. Qc2 e5 14. d5 Nb8 15. e4 a5 16. O-O a4 17.
b3 axb3 18. Nxb3 b6 19. Nd2 Na6 20. a4 Nc5 21. a5 bxa5 22. Ra3 a4 23. Rfa1 Rb8 24.
Bd3 O-O 25. Nf1 Rb3 26. Ne3 Rxd3 27. Rxd3 Nfxe4 28. Rda3 f5 29. Nd1 f4 30. Bh2 g3 31. f3 gxh2+ 32. Kxh2 Ng3 33. Kg1 Be8 34. Nf2 Qxh4 35. Nh3 Kg7 36. Rb1 Bd7 37. Rb5 Bxh3 38.
Rxc5 dxc5 39. Rxa4 Bd7 40. Ra7 Qh1+ 41. Kf2 Qf1# 0-1

[Event "*** Titled Tuesday Blitz"]
[Site "Chess.com"]
[Date "2020.04.14"]
[Round "4"]
[White "saikrishnaReturns"]
[Black "Generalas"]
[Result "1-0"]
[WhiteElo "2614"]
[BlackElo "2304"]
[TimeControl "180+1"]
[EndTime "10:38:40 PDT"]
[Termination "saikrishnaReturns won by resignation"]

1. e4 e5 2. Nf3 Nc6 3. Bb5 a6 4. Ba4 Nf6 5. O-O Be7 6. Re1 b5 7. Bb3 O-O 8. h3 Bb7 9. d3 d5 10. exd5 Nxd5 11. Nxe5 Nxe5 12. Rxe5 Bf6 13. Re1 Qd7 14. Nd2 Rae8 15. Ne4 Bd4 16. c3 Bb6 17.
c4 f5 18. Ng5 Rxe1+ 19. Qxe1 Re8 20. Qd1 h6 21. Nf3 Nb4 22. c5+ Kh8 23. cxb6 cxb6 24. Be3 Nxd3 25. Ne1 Qc6 26. Qxd3 f4 27. Rc1 Qf6 28. Bd4 Qg5 29. Nf3 Qh5 30. Rc7 Be4 31.
Bxg7+ Kh7 32. Be5+ Kg6 33. Qxe4+ 1-0

[Event "*** Titled Tuesday Blitz"]
[Site "Chess.com"]
[Date "2020.04.14"]
[Round "4"]
[White "viktorskliarov"]
[Black "adricalderon8"]
[Result "1-0"]
[WhiteElo "2647"]
[BlackElo "2437"]
[TimeControl "180+1"]
[EndTime "10:38:41 PDT"]
[Termination "viktorskliarov won by resignation"]

1. e4 c5 2. Nf3 Nc6 3. Bb5 g6 4. O-O Bg7 5. Re1 e5 6. Bxc6 dxc6 7. d3 Qe7 8. a3 Nf6 9. b4 cxb4 10. axb4 O-O 11. Ba3 Rd8 12. Nc3 Ne8 13. b5 Qd7 14. bxc6 Qxc6 15. Nd5 Rxd5 16. exd5 Qxd5 17. c4 Qe6 18.
Bb2 f6 19. d4 Qxc4 20. Rc1 Qb5 21. dxe5 Bf5 22. exf6 Nxf6 23. Ba1 Re8 24. Nd4 Qd7 25.
Nxf5 Qxf5 26. Qb3+ Kh8 27. Qxb7 Rf8 28. h3 h5 29.
Qxa7 Kg8 30. Rc7 Ne8 1-0

[Event "*** Titled Tuesday Blitz"]
[Site "Chess.com"]
[Date "2020.04.14"]
[Round "4"]
[White "Bambi2006"]
[Black "Trankuilizer"]
[Result "1-0"]
[WhiteElo "2435"]
[BlackElo "2630"]
[TimeControl "180+1"]
[EndTime "10:38:42 PDT"]
[Termination "Bambi2006 won by resignation"]

1. d4 d5 2. c4 e6 3. Nf3 Nf6 4. g3 Be7 5. Bg2 O-O 6. O-O dxc4 7. Na3 Bxa3 8. bxa3 Bd7 9. Qc2 Bc6 10. Qxc4 Nbd7 11.
Rd1 Nb6 12. Qb4 a5 13. Qb2 a4 14. Bg5 h6 15. Bxf6 Qxf6 16. Rac1 Qd8 17. e3 Bd5 18.
Qc2 c6 19. e4 Bc4 20. Rb1 Bb5 21. d5 exd5 22. exd5 Nxd5 23. Nd4 Ba6 24. Nxc6 bxc6 25. Qxc6 Be2 26. Rxd5 Qc8 27. Qxc8 Raxc8 28. Re1 Rc2 29. Rd4 Rxa2 30. Rxa4 Rd8 31. Rb4 Bg4 32. Rxg4 Rxa3 33. h4 1-0

[Event "*** Titled Tuesday Blitz"]
[Site "Chess.com"]
[Date "2020.04.14"]
[Round "4"]
[White "MateSchmate"]
[Black "tandaleo"]
[Result "1-0"]
[WhiteElo "2562"]
[BlackElo "2338"]
[TimeControl "180+1"]
[EndTime "10:38:42 PDT"]
[Termination "MateSchmate won by resignation"]

1. e4 e5 2. Nf3 Nc6 3. d4 exd4 4. Nxd4 Nf6 5. Nxc6 bxc6 6. e5 Qe7 7. Qe2 Nd5 8.
c4 Nb6 9. Nc3 Ba6 10. b3 O-O-O 11. f4 Re8 12. Bb2 f6 13. Ne4 fxe5 14.
fxe5 Qh4+ 15. g3 Bb4+ 16. Kd1 Qe7 17. a3 Bd6 18. exd6 Qxe4 19. Qxe4 Rxe4 20. dxc7 d5 21.
cxd5 Bxf1 22. Rxf1 Nxd5 23. Re1 Rhe8 24. Rxe4 Rxe4 25.
Bxg7 Kxc7 26. Kd2 Re7 27. Bd4 a6 28. Re1 Rf7 29. b4 Nb6 30. Kd3 Rf3+ 31. Re3 Rf7 32. Re6 Nd5 33. Rh6 Re7 34. h4 Rf7 35. h5 Rf3+ 36. Ke4 Rxg3 37. Be5+ 1-0

[Event "*** Titled Tuesday Blitz"]
[Site "Chess.com"]
[Date "2020.04.14"]
[Round "4"]
[White "VojtechPlat"]
[Black "Usurpov"]
[Result "1-0"]
[WhiteElo "2732"]
[BlackElo "2431"]
[TimeControl "180+1"]
[EndTime "10:38:43 PDT"]
[Termination "VojtechPlat won by checkmate"]

1. e4 c5 2. Nf3 e6 3. d4 cxd4 4.
Nxd4 Nf6 5. Nc3 Nc6 6. Ndb5 d6 7. Bf4 e5 8. Bg5 a6 9. Na3 Be6 10. Bc4 b5 11. Bxe6 fxe6 12. Ne2 h6 13. Bxf6 Qxf6 14. c3 Qg6 15. O-O Be7 16. Nc2 Qxe4 17. Ng3 Qg6 18.
Qf3 Rc8 19. Ne3 Qf7 20. Qe2 O-O 21. a4 Rb8 22. axb5 axb5 23. Ra6 Rfc8 24. Rd1 Qf8 25. Qg4 Qf7 26. Rda1 b4 27. h4 d5 28. Rd1 Bc5 29. Re1 bxc3 30. bxc3 Rb2 31. Re2 Rxe2 32. Qxe2 e4 33.
Ng4 Qf4 34. Nh5 Qc1+ 35. Kh2 Qxc3 36. Ngf6+ Kh8 37. Qg4 Bd6+ 38. g3 gxf6 39. Qg7# 1-0

[Event "*** Titled Tuesday Blitz"]
[Site "Chess.com"]
[Date "2020.04.14"]
[Round "4"]
[White "20ofJuly"]
[Black "MathiasWomacka"]
[Result "0-1"]
[WhiteElo "2224"]
[BlackElo "2428"]
[TimeControl "180+1"]
[EndTime "10:38:43 PDT"]
[Termination "MathiasWomacka won by resignation"]

1. e4 c5 2. Nf3 d6 3. d4 cxd4 4. Nxd4 Nf6 5. Nc3 a6 6. Bg5 e6 7. f4 h6 8. Bxf6 Qxf6 9. Qd2 Nc6 10. Nb3 g5 11. g3 gxf4 12. gxf4 Qh4+ 13. Qf2 Qxf2+ 14.
Kxf2 Bg7 15. Nd1 b5 16. c3 Bb7 17. Bg2 Ke7 18. Ne3 Rac8 19. Rac1 b4 20. Rhg1 bxc3 21. e5 cxb2 22. exd6+ Kf8 23. Rc2 Nb4 24. Bxb7 Rxc2+ 25. Nxc2 Nxc2 26. Be4 Na3 27. Nd2 Bd4+ 0-1

[Event "*** Titled Tuesday Blitz"]
[Site "Chess.com"]
[Date "2020.04.14"]
[Round "4"]
[White "Nikolakis2014"]
[Black "PavelChernomordik"]
[Result "1-0"]
[WhiteElo "2691"]
[BlackElo "2426"]
[TimeControl "180+1"]
[EndTime "10:38:44 PDT"]
[Termination "Nikolakis2014 won by resignation"]

1. Nf3 g6 2. d4 Bg7 3. g3 d6 4. Bg2 Nf6 5. O-O O-O 6. c4 c6 7. Nc3 a6 8. e4 Nfd7 9. Be3 b5 10. Qe2 bxc4 11. Qxc4 a5 12. Rfd1 Ba6 13. Qb3 Nb6 14.
Qc2 N8d7 15. h3 Rb8 16. b3 Rc8 17. Rac1 c5 18. Qb2 c4 19. h4 cxb3 20. axb3 Rb8 21. Qa2 Ra8 22. Bg5 h6 23. Bf4 Qb8 24. Rb1 e5 25. dxe5 dxe5 26. Be3 Rc8 27. Na4 Nxa4 28. bxa4 Qc7 29. Rbc1 Bc4 30. Qd2 Nb6 31. Bf1 Rd8 32.
Qc2 Rxd1 33. Rxd1 Qb7 34. Bxc4 Nxc4 35. Qxc4 Rc8 36. Qd5 Qb2 37. Kg2 Bf6 38. Bxh6 Rc2 39. Be3 Kg7 40. Rd2 Rxd2 41. Nxd2 Qc2 42. Nc4 Qxa4 43. Nd6 1-0

[Event "*** Titled Tuesday Blitz"]
[Site "Chess.com"]
[Date "2020.04.14"]
[Round "4"]
[White "almatyonelove"]
[Black "BIG_Pirate"]
[Result "0-1"]
[WhiteElo "2672"]
[BlackElo "2378"]
[TimeControl "180+1"]
[EndTime "10:38:44 PDT"]
[Termination "BIG_Pirate won by resignation"]

1. d4 d5 2. Nf3 Nf6 3. Bf4 c5 4. e3 Nc6 5. Nbd2 cxd4 6. exd4 Bg4 7. c3 e6 8. Qb3 Qc8 9. h3 Bh5 10. Be2 Be7 11. O-O O-O 12. Rae1 a6 13. Ne5 Bxe2 14.
Rxe2 b5 15. Rfe1 Nxe5 16. dxe5 Nd7 17. Nf3 Qc4 18. Qd1 Qxf4 19. Nd4 Bc5 20. Re3 Bxd4 21. cxd4 Rfc8 22. Rf3 Qh6 23. Rg3 Rc4 24. Ree3 Rac8 25.
Kh2 Nf8 26. Rg4 Ng6 27. Reg3 Qc1 28. Qf3 Qxb2 29. h4 h5 30. Rg5 Qxd4 31. Rxh5 Qf4 32. Qa3 Nxh4 33. Rg5 Nf5 34. Rg4 Qc1 35. Rxg7+ Nxg7 36. Qe7 Qh6+ 37. Rh3 Qg6 38. Rg3 Rg4 0-1

[Event "*** Titled Tuesday Blitz"]
[Site "Chess.com"]
[Date "2020.04.14"]
[Round "4"]
[White "IljaZaragatski"]
[Black "MFBerna"]
[Result "1-0"]
[WhiteElo "2565"]
[BlackElo "2333"]
[TimeControl "180+1"]
[EndTime "10:38:44 PDT"]
[Termination "IljaZaragatski won by resignation"]

1. Nf3 d5 2. g3 Nf6 3. Bg2 g6 4. c4 Bg7 5. cxd5 Nxd5 6. O-O O-O 7. Nc3 c5 8. d4 cxd4 9. Nxd4 Nxc3 10. bxc3 Nd7 11.
Rb1 Nc5 12. Ba3 Qa5 13. Bb4 Qc7 14. Nb5 Qe5 15. Qd4 Qxd4 16. cxd4 Na6 17. Bxe7 Re8 18.
Bg5 Rxe2 19. Rfe1 Rxe1+ 20. Rxe1 Bd7 21. Bxb7 Bxb5 22. Bxa8 Bxd4 23. Be3 Bxe3 24. Rxe3 Nc5 25. Re5 1-0

[Event "*** Titled Tuesday Blitz"]
[Site "Chess.com"]
[Date "2020.04.14"]
[Round "4"]
[White "swayamsm"]
[Black "BrianEscalante"]
[Result "1-0"]
[WhiteElo "2669"]
[BlackElo "2500"]
[TimeControl "180+1"]
[EndTime "10:38:45 PDT"]
[Termination "swayamsm won on time"]

1. d4 Nf6 2. Nf3 c5 3. d5 e6 4.
Nc3 b5 5. dxe6 fxe6 6. Nxb5 d5 7. e3 a6 8. Nc3 Bd6 9. g3 O-O 10. Bg2 Nc6 11. O-O Ra7 12. Qe2 e5 13. e4 d4 14.
Nd5 h6 15. Nh4 Be6 16. c4 Nb4 17. a3 Nbxd5 18. cxd5 Bd7 19. Bd2 Bb5 20. Qd1 Bxf1 21. Qxf1 Qb6 22. Rb1 Qb5 23. Qd1 c4 24. Nf5 Bc5 25.
b4 Bb6 26. Nd6 Qd7 27. Nxc4 Bc7 28. Qb3 Bd6 29. f4 exf4 30. e5 fxg3 31. hxg3 Qg4 32. Nxd6 Nh5 33. Ne4 1-0

[Event "*** Titled Tuesday Blitz"]
[Site "Chess.com"]
[Date "2020.04.14"]
[Round "4"]
[White "SGchess01"]
[Black "Godzillator"]
[Result "1-0"]
[WhiteElo "2691"]
[BlackElo "2365"]
[TimeControl "180+1"]
[EndTime "10:38:45 PDT"]
[Termination "SGchess01 won by checkmate"]

1. e4 c6 2. Nf3 d5 3. exd5 cxd5 4. d4 Nc6 5. c3 Bg4 6. Bd3 e6 7. Bf4 Nf6 8. Nbd2 Bd6 9. Bxd6 Qxd6 10. O-O O-O 11.
Re1 Rab8 12. Qc2 Bh5 13. Ne5 Bg6 14. Bxg6 hxg6 15. Ndf3 Rfc8 16. Ng5 Rc7 17. h4 Nxd4 18. Qd3 Nf5 19. g4 Nh6 20. Qf3 Rf8 21. Rad1 Qa6 22. a3 Qa4 23. Rd4 Qc2 24. Re2 Qb1+ 25. Kg2 b5 26.
Rf4 a5 27. Nexf7 Rcxf7 28. Nxf7 Nxf7 29. Rxe6 Qc2 30. g5 Ne4 31. Rxf7 Rxf7 32. Re8+ Kh7 33.
Qxf7 Qe2 34. Qg8# 1-0

[Event "*** Titled Tuesday Blitz"]
[Site "Chess.com"]
[Date "2020.04.14"]
[Round "4"]
[White "nocnypako"]
[Black "GigaQuparadze"]
[Result "0-1"]
[WhiteElo "2590"]
[BlackElo "2910"]
[TimeControl "180+1"]
[EndTime "10:38:47 PDT"]
[Termination "GigaQuparadze won by resignation"]

1. d4 Nf6 2. c4 e6 3. Nc3 Bb4 4. e3 O-O 5. Ne2 Re8 6. a3 Bf8 7. d5 exd5 8. cxd5 a5 9. Nf4 Na6 10. Be2 Nc5 11. O-O b6 12. Rb1 a4 13. f3 Bd6 14. e4 Be5 15. Be3 d6 16. Nd3 Nxd3 17.
Bxd3 Bxc3 18. bxc3 Nxd5 19. Bd4 Ne7 20. e5 Bf5 21. Bb5 c6 22. Be2 Bxb1 23. Qxb1 c5 24. Bf2 Nd5 25. Qb2 Rxe5 26. Bb5 Nf4 27. Bg3 Qg5 28. Rd1 d5 29. Qd2 Rf5 30. Bd7 Rf6 31.
Bg4 h5 32. h4 Qh6 33. Bd7 d4 34. cxd4 cxd4 35. Bb5 d3 36. Bxd3 Nxd3 37. Qxd3 Qg6 38.
Be5 Qxd3 39. Rxd3 Rf5 40. Bc7 b5 41. Rc3 b4 42. axb4 a3 43. Ba5 Rfxa5 44. bxa5 Rxa5 45. Rc1 a2 46. Ra1 Kh7 47. Kf2 Kg6 48. Ke3 Kf5 49. g3 Ke5 50. Ke2 Kd4 51. g4 Kc3 52. gxh5 Kb2 53. Rxa2+ 0-1

[Event "*** Titled Tuesday Blitz"]
[Site "Chess.com"]
[Date "2020.04.14"]
[Round "4"]
[White "Spalir"]
[Black "isla88"]
[Result "1-0"]
[WhiteElo "2602"]
[BlackElo "2281"]
[TimeControl "180+1"]
[EndTime "10:38:47 PDT"]
[Termination "Spalir won on time"]

1. e4 c5 2. Nf3 Nc6 3. Bb5 g6 4. O-O Bg7 5. Re1 e5 6. Nc3 Nge7 7. d3 O-O 8. a4 d6 9. Bg5 h6 10. Bh4 g5 11. Bg3 f5 12. exf5 Nxf5 13. Bc4+ Kh8 14.
Nd5 Be6 15. Qd2 Ncd4 16. Nxd4 Nxd4 17. f3 a6 18. a5 Rxf3 19. c3 Rxg3 20. hxg3 Nf5 21.
g4 Nh4 22. Ne3 d5 23. Bb3 Qd7 24. Rf1 Rd8 25. Qe2 Ng6 26. g3 Qc7 27. Kh2 Qc6 28. Rf2 e4 29. dxe4 dxe4 30. Bxe6 Qxe6 31. Rd1 Rxd1 32. Qxd1 Ne5 33. Qd5 Nf3+ 34. Kg2 Qe7 35. Re2 Ne5 36. Nf5 Qf6 37. Qxe4 1-0

[Event "*** Titled Tuesday Blitz"]
[Site "Chess.com"]
[Date "2020.04.14"]
[Round "4"]
[White "GamayevOleg"]
[Black "SahajGrover"]
[Result "1/2-1/2"]
[WhiteElo "2529"]
[BlackElo "2699"]
[TimeControl "180+1"]
[EndTime "10:38:49 PDT"]
[Termination "Game drawn by agreement"]

1. d3 d5 2. e4 dxe4 3. dxe4 Qxd1+ 4. Kxd1 Nf6 5. f3 e5 6. Nd2 Bc5 7. c3 a5 8. a4 O-O 9. Kc2 b6 10. b3 Rd8 11. Bc4 Ne8 12. Ne2 Nd6 13. Bd3 Be6 14.
Ng3 Nc6 15. Nc4 Rd7 16. Nxd6 Rxd6 17. Bc4 Bxc4 18. bxc4 g6 19. Bd2 Rad8 20. Rad1 Nb8 21. Bc1 Rxd1 22. Rxd1 Rxd1 23. Kxd1 Nd7 24. Ne2 Bd6 25. Be3 Bc5 26. Bc1 f6 27. Kc2 Kf7 28.
h3 f5 29. Ng3 Ke6 30. Nf1 fxe4 31. fxe4 Nf6 32. Kd3 Nh5 33. Bg5 Be7 34. Be3 Nf6 35. Nd2 Nd7 36. Nb3 Bc5 37. Bg5 Kd6 38. Bh4 Kc6 39. Bd8 Kd6 40. Bg5 Ke6 41. Bh4 Kd6 42.
Bd8 Kc6 43. Bg5 Kd6 44. Bh4 1/2-1/2

[Event "*** Titled Tuesday Blitz"]
[Site "Chess.com"]
[Date "2020.04.14"]
[Round "4"]
[White "hellokostya"]
[Black "VerdeNotte"]
[Result "0-1"]
[WhiteElo "2510"]
[BlackElo "2688"]
[TimeControl "180+1"]
[EndTime "10:38:49 PDT"]
[Termination "VerdeNotte won on time"]

1. Nf3 g6 2. d4 Nf6 3. c4 Bg7 4. e3 O-O 5. Be2 c5 6. d5 b5 7. cxb5 a6 8. a4 axb5 9. Bxb5 Ba6 10. Bxa6 Qa5+ 11. Bd2 Qxa6 12. Bc3 Qc4 13. Na3 Qxd5 14. Qxd5 Nxd5 15. Bxg7 Kxg7 16. Ke2 Rxa4 17. Rhd1 e6 18. g3 Nc6 19. Nb5 Rb4 20. Na7 Rxb2+ 21. Kf1 Ncb4 22. Rac1 Ra8 23. Ra1 c4 24. e4 Nf6 25. Ne5 c3 26. f3 c2 27. Rdc1 Na2 28. Ke2 Nxc1+ 0-1

[Event "*** Titled Tuesday Blitz"]
[Site "Chess.com"]
[Date "2020.04.14"]
[Round "4"]
[White "peixe64"]
[Black "Caclox"]
[Result "0-1"]
[WhiteElo "2306"]
[BlackElo "2487"]
[TimeControl "180+1"]
[EndTime "10:38:49 PDT"]
[Termination "Caclox won by checkmate"]

1. e4 c5 2. Nf3 d6 3. d4 cxd4 4. Nxd4 Nf6 5. Nc3 a6 6. Bg5 e6 7. Qe2 Qc7 8. O-O-O Nc6 9. f4 Nxd4 10. Rxd4 b5 11.
e5 dxe5 12. fxe5 Nd7 13. Nd5 Qc5 14. b4 Qc6 15. Ne3 Bb7 16. Qd2 h6 17. Bh4 g5 18.
Bg3 Bg7 19. Be2 Nxe5 20. Bxe5 Bxe5 21. Bf3 Qc7 22. Bxb7 Qxb7 23. Rd3 Bg7 24. h4 Qe7 25. Re1 Qf6 26. Nd5 Qa1# 0-1

[Event "*** Titled Tuesday Blitz"]
[Site "Chess.com"]
[Date "2020.04.14"]
[Round "4"]
[White "CyberneticLion"]
[Black "Bacyanide"]
[Result "0-1"]
[WhiteElo "2485"]
[BlackElo "2338"]
[TimeControl "180+1"]
[EndTime "10:38:50 PDT"]
[Termination "Bacyanide won by resignation"]

1. d4 d5 2. Bf4 Nf6 3. e3 e6 4. c3 Bd6 5. Bg3 O-O 6. Nd2 c5 7. Ngf3 Qc7 8. Ne5 Nfd7 9. f4 f6 10. Nef3 e5 11. dxe5 fxe5 12. Nb3 exf4 13. Qxd5+ Kh8 14.
exf4 Bxf4 15. Bxf4 Qxf4 16. Be2 Nf6 17. Qxc5 Ne4 18.
Qe5 Qg4 19. O-O-O Nc6 20. Qc7 Nf2 21. Qd6 Bf5 22. Nfd4 Qg5+ 23. Nd2 Nxd4 24. Qxd4 Nxh1 25. h4 Qh6 26. g4 Ng3 27. gxf5 Nxe2+ 0-1

[Event "*** Titled Tuesday Blitz"]
[Site "Chess.com"]
[Date "2020.04.14"]
[Round "4"]
[White "crazy_but_lazy"]
[Black "Dare-Dare"]
[Result "1-0"]
[WhiteElo "2408"]
[BlackElo "2182"]
[TimeControl "180+1"]
[EndTime "10:38:50 PDT"]
[Termination "crazy_but_lazy won by resignation"]

1. d4 d6 2. Nf3 f5 3. g3 Nf6 4. Bg2 g6 5. O-O Bg7 6. b3 O-O 7. Bb2 c6 8. Nbd2 Qc7 9. c4 Re8 10. b4 e5 11. Qb3 e4 12. Ng5 h6 13. Nh3 g5 14. e3 Be6 15. Kh1 Nbd7 16. Ng1 d5 17. c5 a6 18. a4 f4 19. Rfe1 Ng4 20.
Nh3 fxg3 21. fxg3 Kh8 22. b5 axb5 23. axb5 Rxa1 24. Rxa1 cxb5 25. Re1 Rf8 26. Nxe4 Bg8 27. Nc3 Ndf6 28. Nxb5 Qf7 29. Nd6 Qh5 30. Qxb7 Nxh2 31. Kxh2 Qh4 1-0

[Event "*** Titled Tuesday Blitz"]
[Site "Chess.com"]
[Date "2020.04.14"]
[Round "4"]
[White "GelmanAlexander"]
[Black "AlexOstrovskiy"]
[Result "0-1"]
[WhiteElo "2427"]
[BlackElo "2643"]
[TimeControl "180+1"]
[EndTime "10:38:51 PDT"]
[Termination "AlexOstrovskiy won by resignation"]

1. c4 b6 2. Nf3 Bb7 3. d3 e5 4. Nxe5 Nf6 5. Nc3 Bb4 6. Bd2 O-O 7. e3 d5 8. cxd5 Nxd5 9. Nf3 c5 10.
Be2 Nc6 11. O-O Re8 12. a3 Bxc3 13. Bxc3 Qd6 14. Bd2 Rad8 15. Rc1 Qg6 16. Re1 h6 17. Qa4 Nc7 18. Qf4 Ne5 19. Nh4 Qg5 20. d4 Qxf4 21.
exf4 Nc6 22. Bf3 Rxe1+ 23. Bxe1 Nxd4 24. Bg4 g6 25. f5 g5 26. Bc3 gxh4 27. Bxd4 Rxd4 0-1

[Event "*** Titled Tuesday Blitz"]
[Site "Chess.com"]
[Date "2020.04.14"]
[Round "4"]
[White "arminmusovic"]
[Black "Spring199"]
[Result "1-0"]
[WhiteElo "2491"]
[BlackElo "2310"]
[TimeControl "180+1"]
[EndTime "10:38:51 PDT"]
[Termination "arminmusovic won by checkmate"]

1. a3 e5 2. Nc3 d5 3. d4 e4 4. Bf4 g6 5. Be5 f6 6. Bg3 Bg7 7. e3 Ne7 8. Nb5 Na6 9. c4 O-O 10. cxd5 Nxd5 11. Bc4 Kh8 12. Ne2 Nb6 13. Ba2 Bg4 14. h3 Bf5 15. Rc1 c6 16. Nd6 Qd7 17.
O-O Nc8 18. Nxf5 Qxf5 19. d5 cxd5 20. Qxd5 Nb6 21. Qxf5 gxf5 22. Nd4 f4 23. Bxf4 f5 24. Ne6 Bxb2 25. Nxf8 Rxf8 26. Rfd1 h5 27. Rc2 Bxa3 28. Rcd2 Bb4 29. Rd4 Bc5 30. Rd8 Rxd8 31. Be5+ Kh7 32.
Rxd8 Nb4 33. Bf7 Nd3 34. Rh8# 1-0

[Event "*** Titled Tuesday Blitz"]
[Site "Chess.com"]
[Date "2020.04.14"]
[Round "4"]
[White "MatthewG-p4p"]
[Black "JLRHei"]
[Result "1-0"]
[WhiteElo "2754"]
[BlackElo "2370"]
[TimeControl "180+1"]
[EndTime "10:38:52 PDT"]
[Termination "MatthewG-p4p won on time"]

1. c4 Nf6 2. g3 g6 3. Bg2 Bg7 4.
Nc3 O-O 5. e3 d6 6. Nge2 c6 7.
O-O Nbd7 8. d3 e5 9. Rb1 Nh5 10. b4 f5 11. b5 c5 12. Nd5 Ndf6 13. Nec3 Kh8 14. f4 Ng4 15. Bd2 exf4 16. gxf4 Re8 17.
h3 Ngf6 18. Qf3 Rb8 19. a4 Be6 20. Rbe1 Nxd5 21. Nxd5 Nf6 22. Nc3 Qd7 23. Rf2 Rbd8 24. Qxb7 d5 25. Qxd7 Rxd7 26. cxd5 Bf7 27. e4 fxe4 28.
dxe4 Nh5 29. Kh2 Bd4 30. Rff1 Rde7 31. e5 Ng7 32. d6 Rd7 33. Bc6 Rdd8 34. Bxe8 Rxe8 35.
Ne4 Nf5 36. Bc3 1-0

[Event "*** Titled Tuesday Blitz"]
[Site "Chess.com"]
[Date "2020.04.14"]
[Round "4"]
[White "quesfr"]
[Black "MartinMatthiesen"]
[Result "0-1"]
[WhiteElo "2212"]
[BlackElo "2426"]
[TimeControl "180+1"]
[EndTime "10:38:52 PDT"]
[Termination "MartinMatthiesen won by checkmate"]

1. e4 c5 2. c3 Nf6 3. e5 Nd5 4. Nf3 Nc6 5. Bc4 Nb6 6. Bb3 d5 7. exd6 Qxd6 8. Na3 Be6 9. Nb5 Qd7 10. d4 c4 11. Bc2 a6 12. Na3 Bd5 13. Qe2 e6 14. b3 cxb3 15. axb3 Be7 16. O-O O-O 17. Qd3 g6 18. Bh6 Rfd8 19. Ng5 Bxg2 20. Rfe1 Bd5 21. c4 Nb4 22. Qd1 Bc6 23. Bb1 Bf6 24. Nc2 Nxc2 25. Qxc2 Qxd4 26. Ra2 Qg4+ 27. Kf1 Bg2+ 28. Kg1 Bf3+ 29. Kf1 Qg2# 0-1

[Event "*** Titled Tuesday Blitz"]
[Site "Chess.com"]
[Date "2020.04.14"]
[Round "4"]
[White "WIDBIFS"]
[Black "Bigfish1995"]
[Result "0-1"]
[WhiteElo "2785"]
[BlackElo "3099"]
[TimeControl "180+1"]
[EndTime "10:38:53 PDT"]
[Termination "Bigfish1995 won by resignation"]

1. d4 Nf6 2. Nf3 e6 3. Bf4 c5 4.
e3 b6 5. Nbd2 Bb7 6. h3 Be7 7. c3 O-O 8. Bd3 cxd4 9. exd4 d6 10. O-O a6 11. Bh2 Nbd7 12. Qe2 Re8 13. Rfe1 Bf8 14. Rad1 b5 15. a3 Nb6 16. Nf1 Rc8 17. Ne3 g6 18. Nd2 Bg7 19. Ng4 Nfd5 20. Ne3 Na4 21. Ne4 Nxe3 22. fxe3 e5 23. dxe5 Bxe5 24.
Bxe5 Rxe5 25. Nxd6 Qxd6 26. Bxb5 Qxd1 27. Qxd1 axb5 28.
Qd7 Nc5 29. Qd6 Rd5 30. Qb6 Rd2 31. e4 Bxe4 32. Rxe4 Nxe4 33. Qxb5 Nd6 34. Qd7 Re8 35. a4 Ree2 36. Qc6 Ne4 37. Qc8+ Kg7 38. Qg4 Re1+ 39. Kh2 Rh1+ 0-1

[Event "*** Titled Tuesday Blitz"]
[Site "Chess.com"]
[Date "2020.04.14"]
[Round "4"]
[White "Firegrizzly"]
[Black "Zkid"]
[Result "1/2-1/2"]
[WhiteElo "2587"]
[BlackElo "2816"]
[TimeControl "180+1"]
[EndTime "10:38:53 PDT"]
[Termination "Game drawn by repetition"]

1. d4 d5 2. Nf3 Nf6 3. Bg5 Ne4 4.
h4 Bf5 5. e3 c6 6. c3 Qb6 7.
Qb3 Nd7 8. Nbd2 e6 9. Be2 Bd6 10. Rg1 Nxg5 11. hxg5 O-O-O 12. Qxb6 axb6 13. a4 h6 14. gxh6 Rxh6 15. Ng5 Bg6 16. Nh3 Rdh8 17. Bf3 Bf5 18. Nf4 g5 19. Nh3 g4 20. Ng5 gxf3 21.
Nxf7 Bh2 22. Nxh6 Rxh6 23. Nxf3 Bxg1 24. Nxg1 Rh2 25. g3 Bg4 26. b4 Nf6 27. f3 Bxf3 28.
a5 Bg4 29. axb6 Ne4 30. Ra8+ Kd7 31. Rb8 Ra2 32. Rxb7+ Kd6 33. Kf1 Nxg3+ 34. Ke1 Ne4 35. Kf1 Ng3+ 36. Ke1 Rg2 37. Rg7 Ne4 38. Kf1 Rf2+ 39.
Ke1 Rg2 40. Kf1 Rb2 41. b7 Rb1+ 42. Kg2 Rb2+ 43. Kf1 Rb1+ 44. Kg2 Rb2+ 45. Kf1 1/2-1/2

[Event "*** Titled Tuesday Blitz"]
[Site "Chess.com"]
[Date "2020.04.14"]
[Round "4"]
[White "viditchess"]
[Black "Darhild"]
[Result "1/2-1/2"]
[WhiteElo "2979"]
[BlackElo "2715"]
[TimeControl "180+1"]
[EndTime "10:38:54 PDT"]
[Termination "Game drawn by repetition"]

1. d4 Nf6 2. c4 g6 3. Nc3 d5 4. cxd5 Nxd5 5. e4 Nxc3 6. bxc3 Bg7 7. Be3 c5 8. Nf3 Qa5 9. Qd2 Nc6 10. Rb1 a6 11. Rc1 cxd4 12. cxd4 Qxd2+ 13. Kxd2 f5 14. e5 e6 15. Bc4 O-O 16. Ke2 Bd7 17. d5 Nxe5 18. Nxe5 Bxe5 19. dxe6 Bb5 20. Bxb5 axb5 21. Rc5 Bf6 22. Rxb5 Rfe8 23. Rxb7 Rxa2+ 24. Kf3 Rxe6 25. Rd1 Re7 26. Rxe7 Bxe7 27. Rd7 Bf6 28. g3 Ra3 29. h4 h5 30. Kg2 Ra6 31. Rb7 Rc6 32. Kf3 Re6 33.
Rd7 Rc6 34. Bd4 Bxd4 35. Rxd4 Kf7 36. Kf4 Kf6 37. f3 Rb6 38. Rc4 Rd6 39. Rb4 Ra6 40.
Rd4 Rb6 41. Rc4 Ra6 42. Rd4 Rb6 1/2-1/2

[Event "*** Titled Tuesday Blitz"]
[Site "Chess.com"]
[Date "2020.04.14"]
[Round "4"]
[White "Sunnika"]
[Black "AndrewMaco"]
[Result "0-1"]
[WhiteElo "2353"]
[BlackElo "2604"]
[TimeControl "180+1"]
[EndTime "10:38:54 PDT"]
[Termination "AndrewMaco won by resignation"]

1. d4 Nf6 2. Nf3 e6 3. g3 d5 4. c4 Be7 5. Bg2 O-O 6. O-O dxc4 7. Qc2 a6 8. a4 c5 9. dxc5 Bxc5 10. Nbd2 b5 11.
axb5 Bb7 12. bxa6 Nxa6 13. Qxc4 Bd5 14. Qh4 Be7 15. Qf4 Bd6 16. Qh4 Be7 17. Qd4 Nb4 18.
Rxa8 Qxa8 19. Nh4 Rd8 20. Bxd5 Nfxd5 21. Nhf3 Bf6 22. Qe4 Rc8 23. Nc4 Qa6 24. Nfd2 h6 25. h4 Na2 26. Qb1 Rxc4 27. Nxc4 Qxc4 28. b3 Qxe2 29.
Ba3 Nac3 30. Qe1 Qf3 31. Kh2 Bxh4 32. gxh4 Nf4 0-1

[Event "*** Titled Tuesday Blitz"]
[Site "Chess.com"]
[Date "2020.04.14"]
[Round "4"]
[White "adiosabu"]
[Black "Flawless_Fighter"]
[Result "1-0"]
[WhiteElo "2545"]
[BlackElo "2603"]
[TimeControl "180+1"]
[EndTime "10:38:55 PDT"]
[Termination "adiosabu won on time"]

1. e4 c6 2. d4 d5 3. Nc3 dxe4 4. Nxe4 Bf5 5. Ng3 Bg6 6. h4 h6 7. N1e2 Nd7 8. Nf4 Bh7 9. Bc4 e6 10. Qe2 Bd6 11. Ngh5 Bxf4 12. Bxf4 Bg6 13. O-O-O Bxh5 14. Qxh5 Ngf6 15. Qf3 Qa5 16. g4 Nd5 17. Bd6 Qd8 18.
Bb3 N7b6 19. Qg3 Nf6 20. f3 Nfd5 21. Rhe1 Qd7 22. c4 Nf6 23. d5 cxd5 24. cxd5 O-O-O 25. dxe6 Qc6+ 26. Kb1 Nc4 27. Bxc4 1-0